 Dungeon Crawl Stone Soup version 0.21.1-1-g345015f (webtiles) character file.

85 lrcuk01 the Chopper (level 4, -9/41 HPs)
             Began as a Minotaur Berserker on Feb 20, 2018.
             Was a Believer of Trog.
             Mangled by a gnoll
             ... wielding a +0 flail
              (11 damage)
             ... on level 2 of the Dungeon.
             The game lasted 00:08:43 (1403 turns).

lrcuk01 the Chopper (Minotaur Berserker)            Turns: 1403, Time: 00:08:44

Health: -9/41      AC:  2    Str: 23    XL:     4   Next: 25%
Magic:  3/3        EV: 12    Int:  4    God:    Trog [**....]
Gold:   26         SH:  0    Dex:  9    Spells: 3/3 levels left

rFire    . . .     SeeInvis .   a - +0 hand axe
rCold    . . .     Gourm    .   (no shield)
rNeg     . . .     Faith    .   b - +0 animal skin
rPois    .         Spirit   .   (helmet restricted)
rElec    .         Reflect  .   (no cloak)
rCorr    .         Harm     .   (no gloves)
MR       .....                  (no boots)
Stlth    +.........             (no amulet)
HPRegen  0.13/turn              (no ring)
MPRegen  0.08/turn              (no ring)

@: no status effects
A: retaliatory headbutt, horns 2
a: Berserk, Trog's Hand, Burn Spellbooks, Renounce Religion


You were on level 2 of the Dungeon.
You worshipped Trog.
Trog was pleased with you.
You were hungry.

You visited 1 branch of the dungeon, and saw 2 of its levels.

You collected 26 gold pieces.

Inventory:

Hand Weapons
 a - a +0 hand axe (weapon)
 g - a +2 flail of venom
Missiles
 h - 4 tomahawks (quivered)
Armour
 b - a +0 animal skin (worn)
 e - a +0 scale mail
Scrolls
 d - 2 scrolls of teleportation {unknown}
 f - 2 scrolls of magic mapping {unknown}
 i - a scroll of enchant armour {unknown}
 k - a scroll of blinking {unknown}
Potions
 j - a potion of might {unknown}
Comestibles
 c - 2 rations


   Skills:
 + Level 4.7 Fighting
 + Level 4.8 Axes
 + Level 2.5 Armour
 + Level 2.9 Dodging
 + Level 0.1 Stealth


You had 3 spell levels left.
You didn't know any spells.

Dungeon Overview and Level Annotations

Branches:
Dungeon (1/15)

Altars:
Fedhas


Innate Abilities, Weirdness & Mutations

You reflexively headbutt those who attack you in melee.
You have a pair of horns on your head.


Message History

You closely miss Natasha. Your headbutt misses Natasha.
Natasha is severely wounded.
Natasha claws you.
* * * LOW HITPOINT WARNING * * *
Natasha claws you.
* * * LOW HITPOINT WARNING * * *
You hit Natasha.
You kill Natasha!
Trog accepts your kill.
Trog appreciates your killing of a magic user.
Natasha screams in fury as she dies!
You have reached level 4!
You feel stronger. The gnoll barely misses you.
You feel yourself speed up. The gnoll hits you with a flail!
* * * LOW HITPOINT WARNING * * *
There is an escape hatch in the floor here.
The gnoll hits you with a flail!
You die...

#.# #.#.# #.# #.#.#
#.# #.#.# #.# #.#.#
#g# #.#.# #g# #...#
#.# ###)#
#.################[#
#......gg@.......#.##
################....##
##.....# #......#
#......# #.....######
#..#.#.....#
#..........#
#.##.#.#....


You could see 2 gnolls.

Vanquished Creatures
  Natasha (D:2)
  A gnoll (D:2)
  3 worms (D:2)
  3 dart slugs
  3 leopard geckos
  3 orcs (D:2)
  4 goblins
  A hobgoblin (D:1)
  2 jackals (D:2)
  A ball python (D:1)
  5 bats
  A frilled lizard (D:2)
  A kobold (D:2)
  4 rats
  A fungus (D:2)
34 creatures vanquished.

Notes
Turn   | Place    | Note
-------+----------+-------------------------------------------
     0 | D:1      | lrcuk01 the Minotaur Berserker began the quest for the Orb.
     0 | D:1      | Reached XP level 1. HP: 19/19 MP: 0/0
     7 | D:1      | Noticed a water moccasin
     7 | D:1      | Noticed a swamp drake
     7 | D:1      | Noticed a black bear
     8 | D:1      | Noticed a killer bee
   236 | D:1      | Reached XP level 2. HP: 27/27 MP: 1/1
   301 | D:1      | You fall through a shaft!
   636 | D:2      | Reached XP level 3. HP: 33/34 MP: 2/2
   815 | D:2      | Reached ** piety under Trog
  1100 | D:2      | Found a blossoming altar of Fedhas.
  1381 | D:2      | Noticed Natasha
  1396 | D:2      | Killed Natasha
  1396 | D:2      | Reached XP level 4. HP: 10/41 MP: 3/3
  1398 | D:2      | HP: 2/41 [gnoll/flail (9)]
  1403 | D:2      | Mangled by a gnoll

Skill      XL: |  1  2 |
---------------+-------+-----
Fighting       | 4 |  4.7
Axes           | 4 |  4.8
Armour         | |  2.5
Dodging        | |  2.9
Stealth        | |  0.1

Action                   |  1- 3 |  4- 6 || total
-------------------------+-------+-------++-------
Melee: Hand axe          |    72 |       ||    72
       Headbutt          |    20 |       ||    20
Throw: Tomahawk          |     4 |       ||     4
  Use: Potion            |     1 |       ||     1
 Stab: Sleeping          |     1 |       ||     1
  Eat: Chunk             |     1 |       ||     1
Armor: Animal skin       |    16 |       ||    16
Dodge: Dodged            |    51 |     1 ||    52
